 Dungeon Crawl Stone Soup version 0.23.0-3-gf3c87f2 (webtiles) character file.

Game seed: 15561236977391108667

9 Borgoz the Sneak (level 2, 0/20 HPs)
             Began as a Ghoul Enchanter on Feb 24, 2019.
             Slain by a jackal (3 damage)
             ... on level 1 of the Dungeon.
             The game lasted 00:00:56 (360 turns).

Borgoz the Sneak (Ghoul Enchanter)                   Turns: 360, Time: 00:00:57

Health: 0/20       AC:  2    Str: 11    XL:     2   Next: 16%
Magic:  3/3        EV: 12    Int: 10    God:
Gold:   0          SH:  0    Dex:  9    Spells: 3/4 levels left

rFire    . . .     SeeInvis .   a - +1 dagger
rCold    + . .     Gourm    .   (no shield)
rNeg     + + +     Faith    .   b - +0 robe
rPois    ∞         Spirit   .   (no helmet)
rElec    .         Reflect  .   (no cloak)
rCorr    .         Harm     .   (no gloves)
MR       .....                  (no boots)
Stlth    ++........             (no amulet)
HPRegen  0.00/turn              (no ring)
MPRegen  0.08/turn              (no ring)

@: rotting
A: rotting body, claws 1, carnivore, cold resistance 1, negative energy
resistance 3, inhibited regeneration, torment resistance, unbreathing
a: no special abilities


You were on level 1 of the Dungeon.
You were not hungry.

You visited 1 branch of the dungeon, and saw 1 of its levels.

Inventory:

Hand Weapons
 a - a +1 dagger (weapon)
Armour
 b - a +0 robe (worn)
Comestibles
 d - a ration


   Skills:
 * Level 1.2 Short Blades
 * Level 2.1 Dodging
 + Level 3.4 Stealth
 - Level 1.7 Spellcasting
 + Level 2.5 Hexes


You had 3 spell levels left.
You knew the following spells:

 Your Spells              Type           Power        Failure   Level  Hunger
a - Corona                Hex            #......      11%         1    ##.....

Your spell library contained the following spells:

 Spells                   Type           Power        Failure   Level  Hunger
 Ensorcelled Hibernation  Hex/Ice        #.....       28%         2    ###....
 Confuse                  Hex            #.......     32%         3    ####...
 Tukima's Dance           Hex            #.......     32%         3    ####...
 Dazzling Spray           Conj/Hex       #.....       50%         3    ####...


Dungeon Overview and Level Annotations

Branches:
Dungeon (1/15)

Altars:


Innate Abilities, Weirdness & Mutations

Your body is rotting away.
You thrive on raw meat.
You are immune to poison.
You have sharp fingernails.
You are carnivorous and can eat meat at any time.
Your flesh is cold resistant. (rC+)
You are immune to negative energy. (rN+++)
You do not regenerate when monsters are visible.
You are immune to unholy pain and torment.
You can survive without breathing.


Message History

The jackal bites you.
You barely miss the jackal. The bat hits you but does no damage.
The jackal misses you. The bat barely misses you. The jackal bites you.
* * * LOW HITPOINT WARNING * * *
You hit the jackal.
The jackal is moderately wounded.
The bat misses you. The bat barely misses you. The jackal barely misses you.
You hit the jackal.
The jackal is heavily wounded.
The bat misses you. The jackal bites you.
* * * LOW HITPOINT WARNING * * *
You closely miss the jackal.
The jackal is heavily wounded.
The bat misses you. The jackal closely misses you.
You closely miss the jackal.
The jackal is heavily wounded.
The bat hits you.
* * * LOW HITPOINT WARNING * * *
The jackal bites you.
You die...

**,,,,,,* ##* #....÷.........
***,,,,,#.####.####.############.
,,,,,,,,......#....(......# #...
*,,,,,,,,..,#..........##.# #...
,,,,,,,,,,#.#..#######.##.# #.#.
,>,,,,,,,,#..K(### #.##.# #...
,,,,,,,,,,###...g# #.##.# #..#
,,,,,,,,,,#....#h# #.##.# #..#
,,,,,,,*,,#.#.h#@# #.##.####..#
,,,*,,,,,...#..#b# #..........#
,,,,,,**##.,#..#b# ###..####..#
,,,,,**,,##,..g#w#* #.## ##.#
,,,,,,,,,,*.......* #.# #.#
**,,,,**,,*....#..* #.# #.#
**,*,**,,**,,**#..* #.# *.#
**,*,*,,**,,,* #..# #.# *.#
**,*,*,,,,,,,* *,,* #.# *,*


You could see a dart slug, a jackal, a hobgoblin and 2 bats.

Vanquished Creatures
  5 jackals (D:1)
  2 bats (D:1)
  A kobold (D:1)
  A rat (D:1)
9 creatures vanquished.

Notes
Turn   | Place    | Note
-------+----------+-------------------------------------------
     0 | D:1      | Borgoz the Ghoul Enchanter began the quest for the Orb.
     0 | D:1      | Reached XP level 1. HP: 14/14 MP: 2/2
   103 | D:1      | Reached skill level 1 in Short Blades
   342 | D:1      | Reached XP level 2. HP: 17/20 MP: 3/3
   360 | D:1      | Slain by a jackal

Skill      XL: |  1 |
---------------+----+-----
Short Blades   | 1 |  1.2
Dodging        | 2 |  2.1
Stealth        | |  3.4
Spellcasting   | |  1.7
Hexes          | |  2.5

Action                   || total
-------------------------++-------
Melee: Dagger            ||    61
  Use: Scroll            ||     1
  Eat: Chunk             ||     2
Armor: Robe              ||    16
Dodge: Dodged            ||    66
